 Dungeon Crawl Stone Soup version 0.31-a0-182-gc5ef74bbde (webtiles) character file.

Game seed: 14070744269891302615

545 avis the Cleaver (level 7, -6/57 HPs)
             Began as a Hill Orc Monk on June 21, 2023.
             Was a Follower of Beogh.
             Mangled by Eustachio
             ... wielding a +1 rapier of protection
              (7 damage)
             ... on level 4 of the Dungeon.
             The game lasted 00:14:11 (3334 turns).

avis the Cleaver (Hill Orc Monk)                    Turns: 3334, Time: 00:14:12

Health: -6/57      AC: 10    Str: 16    XL:     7   Next: 27%
Magic:  10/10      EV: 12    Int: 10    God:    Beogh [*.....]
Gold:   124        SH:  5    Dex: 13    Spells: 6/6 levels left

rFire   . . .        a - +2 whip (vamp)
rCold   . . .        d - orb {light}
rNeg    + . .        h - +3 leather armour
rPois   .            t - +0 helmet
rElec   .            q - +0 cloak
rCorr   +            s - +0 pair of gloves
SInv    .            r - +0 pair of boots
Will    .....        o - amulet of reflection
Stlth   +            f - ring of resist corrosion
HPRegen 0.29/turn    k - ring of positive energy
MPRegen 0.12/turn

%: reflection
@: glowing
A: no striking features
a: Renounce Religion


You were on level 4 of the Dungeon.
You worshipped Beogh.
Beogh was aware of your devotion.
You visited 2 branches of the dungeon, and saw 5 of its levels.

You collected 124 gold pieces.

Inventory:

Hand Weapons
 a - a +2 vampiric whip (weapon)
 b - a +0 war axe
Missiles
 g - 6 curare-tipped darts
 y - a boomerang
 C - 4 poisoned darts
Armour
 d - an orb of light (worn)
 h - a +3 leather armour (worn)
 q - a +0 cloak (worn)
 r - a +0 pair of boots (worn)
 s - a +0 pair of gloves (worn)
 t - a +0 helmet (worn)
Jewellery
 f - a ring of resist corrosion (left hand)
 k - a ring of positive energy (right hand)
 o - an amulet of reflection (around neck)
Scrolls
 e - 5 scrolls of teleportation
 j - 2 scrolls of fog {unknown}
 m - a scroll of amnesia {unknown}
 n - 2 scrolls of noise
 v - a scroll of enchant weapon {unknown}
 w - a scroll of enchant armour {unknown}
 z - a scroll of vulnerability {unknown}
 A - a scroll of poison {unknown}
 B - a scroll of blinking {unknown}
 D - a scroll of identify {unknown}
Potions
 c - a potion of ambrosia
 i - a potion of mutation {unknown}
 l - 2 potions of might {unknown}
 p - 2 potions of magic {unknown}
 u - a potion of degeneration {unknown}
 E - a potion of curing {unknown}
 F - a potion of resistance {unknown}


   Skills:
 - Level 3.6 Fighting
 * Level 9.3(9.4) Axes
 - Level 2.0(5.2) Maces & Flails
 - Level 2.4 Dodging
 + Level 4.1 Invocations


You had 6 spell levels left.
You didn't know any spells.
Your spell library contained the following spells:

 Spells                   Type           Power      Damage    Failure   Level
 Scorch                   Fire           0%         2d5       56%         2
 Flame Wave               Conj/Fire      0%         2d4       99%         4
 Summon Cactus Giant      Summ           0%         N/A       100%        6


Dungeon Overview and Level Annotations

Branches:
Dungeon (4/15)             Temple (1/1) D:4

Altars:
Gozag
Makhleb
Sif Muna
Uskayaw
Wu Jian

Annotations:
D:4 Eustachio


Message History

Eustachio gestures wildly while chanting.
Eustachio blinks!
The crimson imp hits you but does no damage.
The rat bites you but does no damage.
You barely miss Eustachio.
Eustachio is moderately wounded.
The shadow imp gestures at you.
You struggle to resist.
Eustachio completely misses you.
The crimson imp hits you but does no damage.
You block the rat's attack.
You hit Eustachio but do no damage.
Eustachio is moderately wounded.
The shadow imp disappears in a puff of smoke!
Eustachio mumbles some strange words.
Eustachio blinks!
The crimson imp completely misses you. The rat misses you.
Eustachio casts a spell.
The crimson imp barely misses you. You block Eustachio's attack.
The crimson imp barely misses you.
You hit Eustachio.
You feel better.
Eustachio is heavily wounded.
The rat bites you but does no damage. The iron imp hits you!
The crimson imp closely misses you.
Eustachio hits you with a +1 rapier of protection!
You hit Eustachio.
You feel better.
Eustachio is heavily wounded.
The rat bites you but does no damage. The iron imp hits you.
* * * LOW HITPOINT WARNING * * *
The iron imp barely misses you.
You hit Eustachio.
Eustachio is heavily wounded.
Eustachio hits you with a +1 rapier of protection!
* * * LOW HITPOINT WARNING * * *
You block the crimson imp's attack. The rat closely misses you.
You hit Eustachio.
Eustachio is heavily wounded.
The iron imp hits you!
* * * LOW HITPOINT WARNING * * *
Eustachio hits you with a +1 rapier of protection!
You die...

#.# #######.## ..........
#######.## ##<## ##.# #....
##########..# ##.##
###.....@5.#..# #.#
.......5@..'..# #.#
##....5r..#..# #.#
#........#..# #.# .
#........#..# #.#
....#####'######..########.##
#..........................
#.#####...####.....).....##
#.#.####...##########
#>#.##.....# #.[..


You could see Eustachio, 2 iron imps, a crimson imp (summoned) and a rat
(summoned).

Vanquished Creatures
  Grinder (D:3)
  Menkaure (D:4)
  A scorpion (D:4)
  2 orc wizards (D:3)
  3 gnolls (D:4)
  2 adders (D:2)
  An ufetubus (D:3)
  A dart slug (D:2)
  An orc (D:3)
  5 bats
  10 endoplasms
  3 giant cockroaches
  7 goblins
  4 hobgoblins
  3 quokkas (D:1)
  4 ball pythons
  3 frilled lizards
  6 kobolds
  8 rats
66 creatures vanquished.

Notes
Turn   | Place    | Note
-------+----------+-------------------------------------------
     0 | D:1      | avis the Hill Orc Monk began the quest for the Orb.
     0 | D:1      | Reached XP level 1. HP: 19/19 MP: 1/1
   129 | D:1      | Reached XP level 2. HP: 20/26 MP: 2/2
   206 | D:1      | Reached skill level 5 in Axes
   501 | D:2      | Reached skill level 1 in Maces & Flails
   504 | D:2      | Reached XP level 3. HP: 30/31 MP: 3/3
   662 | D:2      | Found an ornate altar of the Wu Jian Council.
  1012 | D:2      | Found a faded altar of an unknown god.
  1018 | D:2      | Reached XP level 4. HP: 39/39 MP: 4/4
  1617 | D:3      | Found a shimmering blue altar of Sif Muna.
  1769 | D:3      | Reached skill level 6 in Axes
  1953 | D:3      | Became a worshipper of Beogh the Brigand
  1953 | D:3      | Reached * piety under Beogh
  1953 | D:3      | Reached ** piety under Beogh
  1976 | D:3      | Reached XP level 5. HP: 41/45 MP: 5/5
  2323 | D:4      | Found an opulent altar of Gozag.
  2501 | D:4      | Reached skill level 7 in Axes
  2511 | D:4      | Reached skill level 1 in Invocations
  2631 | D:4      | Found a staircase to the Ecumenical Temple.
  2654 | Temple   | Entered the Ecumenical Temple
  2686 | D:4      | Noticed Grinder
  2688 | D:4      | Noticed Menkaure
  2753 | D:3      | Paralysed by Grinder for 5 turns
  2761 | D:3      | Killed Grinder
  2762 | D:3      | Reached skill level 8 in Axes
  2762 | D:3      | Reached XP level 6. HP: 9/51 MP: 0/8
  2925 | D:4      | Killed Menkaure
  2926 | D:4      | Reached skill level 9 in Axes
  2926 | D:4      | Reached XP level 7. HP: 34/57 MP: 9/9
  3285 | D:4      | Noticed Eustachio
  3334 | D:4      | HP: 1/57 [iron imp[Eustachio] (8)]
  3334 | D:4      | Mangled by Eustachio

Illustrated notes

Levels and vault maps discovered:
D:1:      dpeg_arrival_tiny_j, layout_rooms
D:2:      layout_loops_ring, hellmonk_ecumenical_altar_blasted, basic_altar,
          minmay_pentomino_p4
D:3:      layout_loops_ring, nicolae_sif_muna_condensation
D:4:      layout_basic, grunt_gozag_breadcrumbs, minitemple,
          minmay_temple_entry_large_hall, uniq_grinder, uniq_eustachio,
          uniq_menkaure
Temple:   nicolae_temple_bog_church

Skill      XL: |  1  2  3  4  5  6  7 |
---------------+----------------------+-----
Axes           | 5 6 8 9 |  9.3
Maces & Flails | 1 2 |  2.0
Invocations    | 3 4 |  4.1
Fighting       | |  3.6
Dodging        | |  2.4

Action                     |  1- 3 |  4- 6 |  7- 9 || total
---------------------------+-------+-------+-------++-------
  Melee: Hand axe          |    14 |       |       ||    14
         Whip              |    68 |    80 |    52 ||   200
         War axe           |       |     7 |       ||     7
 Invoke: Convert to Beogh  |       |     1 |       ||     1
         Smiting           |       |     2 |       ||     2
    Use: Scroll            |       |     2 |       ||     2
 Armour: Robe              |    13 |     1 |       ||    14
         Ring mail         |       |    23 |       ||    23
         Leather armour    |       |       |    16 ||    16
  Dodge: Dodged            |    43 |    43 |    29 ||   115
  Block: Orb               |     1 |    22 |     9 ||    32
         Reflection        |       |     1 |       ||     1

Table legend: (Time is in decaauts)
 A = Elapsed time spent in this place.
 B = Non-inter-level travel time spent in this place.
 C = Inter-level travel time spent in this place.
 D = Time resting spent in this place.
 E = Time spent auto-exploring this place.
 F = Levels seen in this place.
 G = Mean time per level.
                   A        B        C        D        E       F      G
               +--------+--------+--------+--------+--------+-----+--------+
         Total |   3318 |   2955 |    363 |    321 |   1763 |   5 |  663.6 |
       Dungeon |   3305 |   2942 |    363 |    321 |   1763 |   4 |  826.2 |
        Temple |     12 |     12 |      0 |      0 |      0 |   1 |   12.0 |
               +--------+--------+--------+--------+--------+-----+--------+

Top non-repeatable levels by time:
     D:2: 1022 daAuts
     D:3: 952 daAuts
     D:4: 754 daAuts
     D:1: 576 daAuts
  Temple: 12 daAuts
